Map: Catalyst LE

Players

GOStephano (Stephano)

  • Race: Zerg Zerg
  • Spawn Location: 11:00

TRUE - Winner!

  • Race: Zerg Zerg
  • Spawn Location: 5:00

Event: WCS Austin 2018

VOD

Have the link to the VOD?

Description

Time

  • Played on: June 1, 2018, 5:14 p.m.
  • Length: 7:56

All games in this series

Show
View Real Time Build Order
Export as new Build Order

GOStephano Zerg 

Build Orders: 1 Base Baneling Bust, Pool First 

Get SALT Encoding   

  12  0:00  Drone  
  13  0:11  Extractor  
  12  0:25  Spawning Pool  
  11  0:29  Drone  
  13  0:35  Drone  
  13  0:39  Drone  
  14  0:51  Overlord  
  14  1:11  Zergling x4  
  14  1:13  Zergling x2  
  14  1:14  Metabolic Boost  
  17  1:23  Zergling x2  
  18  1:32  Baneling Nest  
  17  1:34  Zergling x2  
  18  1:47  Queen  
  20  1:57  Overlord  
  20  2:07  Zergling x2  
  21  2:09  Zergling x2  
  22  2:16  Baneling x2  
  22  2:21  Zergling x2  
  23  2:28  Baneling x2  
  23  2:30  Drone  
  24  2:38  Drone  
  24  2:49  Drone  
  24  2:58  Drone  
  24  2:59  Drone x2  
  27  3:17  Hatchery  
  26  3:26  Evolution Chamber, Drone  
  26  3:31  Drone  
  27  3:37  Overlord  
  27  3:40  Drone  
  28  3:53  Zerg Ground Armor Level 1  
  28  3:57  Zergling x4  
  30  4:05  Queen  
  32  4:13  Drone  
  32  4:14  Drone  
  32  4:17  Baneling x2  
  32  4:20  Drone  
  33  4:25  Drone x2  
  33  4:30  Drone x2  
  37  4:44  Drone  
  37  4:45  Drone x2  
  40  4:56  Hatchery  
  40  4:58  Zergling x2  
  40  4:59  Zergling x2  
  41  5:04  Zergling x2  
  41  5:05  Zergling x2  
  43  5:08  Overlord  
  43  5:16  Overlord  
  43  5:19  Baneling x2  
  43  5:33  Zergling x2  
  43  5:35  Zergling x14  
  50  5:42  Zergling x2  
  50  5:43  Zergling x4  
  50  5:51  Zergling x4  
  50  5:56  Overlord  
  50  5:57  Baneling  
  50  5:58  Baneling x3  
  50  6:02  Zergling x4  
  52  6:07  Queen, Roach Warren  
  52  6:10  Drone  
  52  6:25  Drone x3  
  47  6:29  Drone x2  
  43  6:46  Roach x7  
  57  6:48  Zergling x6  
  57  6:52  Roach  
  61  7:00  Roach x2  
  65  7:02  Overlord  
  65  7:08  Spine Crawler  
  65  7:14  Roach  
  63  7:16  Zergling x8  
  63  7:20  Roach  
  63  7:21  Zergling x6  
  66  7:29  Roach  
  57  7:32  Zergling x8  
  57  7:36  Zergling x2  
Show
View Real Time Build Order
Export as new Build Order

TRUE Zerg - Winner!

Build Orders: 1 Base Baneling Bust, Pool First 

Get SALT Encoding   

  12  0:00  Drone  
  13  0:13  Extractor  
  12  0:24  Spawning Pool  
  11  0:28  Drone  
  11  0:33  Drone  
  13  0:38  Drone  
  14  0:51  Overlord  
  14  1:10  Zergling x4  
  16  1:11  Zergling x2  
  16  1:15  Metabolic Boost  
  17  1:22  Zergling x2  
  18  1:33  Baneling Nest  
  18  1:34  Zergling x2  
  18  1:44  Zergling x2  
  19  1:53  Queen  
  21  2:01  Overlord  
  21  2:06  Drone  
  22  2:22  Baneling  
  22  2:23  Drone  
  22  2:28  Drone, Queen  
  25  2:38  Drone  
  26  2:51  Zergling x2  
  27  3:04  Baneling  
  27  3:06  Drone x3  
  27  3:07  Overlord  
  27  3:12  Baneling  
  30  3:28  Queen  
  30  3:29  Hatchery  
  31  3:38  Drone x2  
  31  3:39  Baneling  
  31  3:40  Drone  
  34  3:46  Drone  
  34  3:47  Drone  
  36  3:51  Drone  
  37  4:01  Drone  
  38  4:07  Overlord  
  38  4:15  Drone  
  38  4:26  Drone x2  
  38  4:27  Drone  
  41  4:35  Roach Warren  
  41  4:37  Drone x3  
  43  4:40  Drone x2  
  45  4:54  Hatchery  
  43  5:01  Drone x2  
  43  5:05  Baneling  
  43  5:06  Drone x2  
  47  5:18  Overlord, Roach x2  
  51  5:21  Evolution Chamber, Extractor  
  51  5:22  Overlord  
  51  5:23  Baneling x2  
  51  5:25  Overlord  
  49  5:29  Overlord  
  49  5:32  Baneling  
  49  5:33  Roach, Baneling  
  51  5:36  Overlord  
  51  5:40  Roach x2  
  54  5:42  Baneling  
  54  5:46  Roach  
  54  5:47  Roach  
  57  5:52  Roach x2  
  57  5:56  Drone  
  57  5:57  Drone x2  
  63  5:59  Drone  
  64  6:05  Roach x2  
  68  6:12  Roach x2  
  68  6:13  Zergling x4  
  68  6:15  Baneling  
  74  6:19  Roach  
  71  6:27  Roach  
  71  6:31  Roach  
  77  6:33  Roach  
  77  6:34  Zergling x4  
  77  6:35  Queen, Zergling x2  
  77  6:39  Zergling x6  
  85  6:40  Zergling x2  
  85  6:43  Zergling x4  
  85  6:45  Zergling x2  
  89  6:47  Zergling x2  
  89  6:49  Zergling x2  
  89  6:53  Baneling, Zergling x4  
  93  6:55  Zergling x2  
  93  6:57  Zergling x2  
  93  6:59  Zergling x2  
  96  7:02  Zergling x2  
  96  7:04  Zergling x2  
  96  7:05  Zergling x2  
  96  7:07  Baneling x3  
  96  7:08  Baneling  
  98  7:12  Baneling x2  
  98  7:14  Overlord  
  96  7:19  Zergling x6  
  96  7:22  Zergling x4  
  95  7:23  Zergling x4  
  95  7:24  Zergling x2  
  95  7:26  Zergling x2  
  95  7:28  Ravager  
  98  7:30  Zergling x2  
  89  7:38  Zergling x4  
  92  7:45  Ravager  
  92  7:47  Ravager  
Tags
 
Add a new tag
Caveats
  • Supply blocks, unpowered buildings, or Contaminate may cause inaccurate times.
  • Supply counts are checked every 10 seconds.